Map: Catalyst LE

Players

Tomas

  • Race: Zerg Zerg
  • League: Gold
  • Spawn Location: 5:00

Juxtapose - Winner!

  • Race: Zerg Zerg
  • League: Gold
  • Spawn Location: 11:00

VOD

https://youtu.be/ONp819dA038

Description

Time

  • Played on: Nov. 16, 2017, 8:53 p.m.
  • Length: 11:42
Show
View Real Time Build Order
Export as new Build Order

Tomas Zerg 

Build Orders: Pool First 

Get SALT Encoding   

  12  0:20  Spawning Pool  
  11  0:23  Drone  
  12  0:31  Overlord  
  12  1:06  Zergling x4  
  12  1:07  Zergling x2  
  15  1:13  Queen  
  17  1:21  Extractor  
  17  1:22  Drone  
  17  1:23  Extractor  
  17  1:32  Drone  
  17  1:51  Hatchery  
  17  1:52  Drone x2  
  18  2:21  Drone x2  
  20  2:29  Queen  
  20  2:46  Drone  
  20  2:49  Overlord x3  
  20  3:04  Metabolic Boost  
  20  3:12  Drone  
  21  3:18  Queen  
  23  3:20  Drone  
  24  3:36  Drone x2  
  24  3:39  Drone x2  
  28  3:54  Zergling x4  
  28  3:55  Zergling x2  
  31  4:03  Drone  
  31  4:04  Drone x2  
  34  4:34  Hatchery  
  32  4:54  Evolution Chamber  
  32  4:58  Evolution Chamber  
  29  5:03  Zergling x12  
  29  5:04  Zergling x8  
  38  5:15  Burrow  
  38  5:20  Drone x2  
  38  5:21  Drone  
  41  5:22  Drone  
  41  5:26  Drone  
  43  5:29  Drone  
  44  5:41  Zerg Melee Weapons Level 1  
  44  5:45  Zerg Ground Armor Level 1  
  34  6:33  Zergling x8  
  34  6:34  Zergling x12  
  34  6:35  Zergling x8  
  48  6:43  Queen  
  50  6:49  Queen  
  52  7:05  Lair  
  52  7:10  Drone x3  
  52  7:15  Zergling x6  
  58  7:20  Extractor  
  58  7:22  Extractor, Drone x2  
  58  7:25  Overlord  
  58  7:29  Overlord x2  
  58  7:30  Overlord  
  58  7:42  Queen  
  60  7:49  Drone x3  
  63  8:09  Hydralisk Den  
  62  8:15  Drone x4  
  66  8:24  Spine Crawler  
  65  8:32  Drone x2  
  65  8:33  Spine Crawler  
  66  8:51  Lair  
  66  9:07  Unknown  
  52  10:37  Hydralisk x4  
  52  10:38  Hydralisk x8  
  52  10:39  Hydralisk x5  
  52  10:40  Hydralisk  
Show
View Real Time Build Order
Export as new Build Order

Juxtapose Zerg - Winner!

Build Orders: Hatch First 

Get SALT Encoding   

  12  0:01  Drone  
  13  0:09  Drone  
  14  0:17  Overlord  
  14  0:36  Drone x2  
  16  0:53  Hatchery  
  16  0:56  Drone  
  16  1:01  Extractor  
  15  1:04  Drone  
  16  1:16  Spawning Pool  
  15  1:20  Drone  
  16  1:27  Overlord  
  16  1:32  Drone  
  17  1:37  Drone  
  18  1:45  Drone  
  19  2:01  Drone  
  20  2:05  Drone  
  21  2:09  Queen, Zergling x2  
  19  2:15  Spine Crawler  
  10  2:32  Drone  
  10  2:44  Drone  
  11  2:55  Drone  
  10  3:02  Drone  
  11  3:10  Drone  
  12  3:16  Drone  
  13  3:21  Drone  
  13  3:26  Drone  
  15  3:32  Drone  
  16  3:43  Spine Crawler  
  15  3:50  Spine Crawler  
  15  3:53  Drone  
  15  4:05  Drone x2  
  15  4:06  Drone  
  18  4:12  Drone  
  19  4:20  Drone  
  20  4:26  Drone x3  
  23  4:34  Drone x2  
  25  4:42  Drone x2  
  25  4:45  Drone  
  28  4:56  Drone x2  
  28  4:58  Drone  
  31  5:07  Queen  
  31  5:08  Queen  
  31  5:11  Drone  
  36  5:19  Extractor, Drone  
  36  5:20  Overlord  
  36  5:26  Extractor  
  36  5:28  Drone  
  36  5:30  Extractor  
  35  5:43  Drone  
  35  5:44  Drone x2  
  38  6:10  Zergling x10  
  39  6:22  Drone  
  39  6:24  Drone x4  
  41  6:34  Drone x2  
  41  6:36  Drone  
  44  6:42  Overlord x2  
  44  6:44  Metabolic Boost  
  44  6:49  Roach Warren  
  44  6:54  Drone  
  44  7:00  Queen  
  46  7:07  Drone  
  46  7:08  Drone x4  
  51  7:11  Lair  
  51  7:22  Drone  
  52  7:25  Drone  
  53  7:30  Drone x2  
  55  7:48  Roach x2  
  55  7:49  Overlord x2  
  55  7:50  Overlord x2  
  59  8:02  Drone  
  60  8:15  Spire  
  60  8:17  Roach x5  
  60  8:18  Hatchery  
  68  8:41  Overseer  
  68  8:43  Roach x2  
  68  8:44  Roach x3, Overlord x3  
  68  8:46  Roach x3  
  84  9:07  Roach x3  
  90  9:22  Overseer  
  90  9:33  Mutalisk x5  
  90  9:34  Mutalisk x6  
  112  9:47  Drone x4  
  112  9:48  Drone  
  117  9:56  Glial Reconstitution  
  110  10:17  Roach x4  
  110  10:18  Roach  
  114  10:55  Zergling x2  
  114  11:12  Hatchery  
Tags
 
League
GoldGold
Matchup
ZvZ
Race
Zerg
Spawn Locations
Cross Positions
Add a new tag
Caveats
  • Supply blocks, unpowered buildings, or Contaminate may cause inaccurate times.
  • Supply counts are checked every 10 seconds.